TOP OF THE 1ST |
Huntington Hermit Crabs batting - Pitching for Lake Erie Arryns : LHP Bobby Williams
|
Pitching: LHP Bobby Williams
|
|
Batting: RHB Zach Stokes
|
0-0: Foul Ball, location: 2F 0-1: Foul Ball, location: 2F 0-2: Ball 1-2: Strikes out swinging
|
Batting: RHB Mike Baxter
|
0-0: Ball 1-0: Called Strike 1-1: Ground out 5-3 (Groundball, 56S, EV 80.0 MPH)
|
Batting: LHB Iván Marrero
|
0-0: Foul Ball, location: 2F 0-1: Ball 1-1: Swinging Strike 1-2: Foul Ball, location: 2F 1-2: Fly out, F7 (Flyball, 78M, EV 95.0 MPH)
|
Top of the 1st over - 0 runs, 0 hits, 0 errors, 0 left on base; Huntington 0 - Lake Erie 0 |
BOTTOM OF THE 1ST |
Lake Erie Arryns batting - Pitching for Huntington Hermit Crabs : RHP Mannus Melman
|
Pitching: RHP Mannus Melman
|
|
Batting: LHB Paul Brown
|
0-0: Ball 1-0: Ball 2-0: Ball 3-0: Base on Balls
|
Batting: SHB Luis Flores
|
0-0: Ball 1-0: Swinging Strike 1-1: Ball 2-1: Foul Ball, location: 2F 2-2: Ball 3-2: Base on Balls Paul Brown to second
|
Batting: LHB Bill Strong
|
0-0: Ball 1-0: Ball 2-0: Ball 3-0: Base on Balls Paul Brown to third Luis Flores to second
|
Batting: RHB Nelson Fernández
|
0-0: Ball 1-0: Ball 2-0: Called Strike 2-1: Ball 3-1: Fly out, F9 (Flyball, 9LD, EV 92.5 MPH) Runner from 3rd tags up, SCORES, no throw by RF
|
Batting: LHB Jamie Hunter
|
0-0: Called Strike 0-1: Called Strike 0-2: Strikes out swinging
|
Batting: SHB Ray Colbert
|
0-0: Swinging Strike 0-1: Ball 1-1: Foul Ball, location: 2F 1-2: Strikes out swinging
|
Bottom of the 1st over - 1 run, 0 hits, 0 errors, 2 left on base; Huntington 0 - Lake Erie 1 |
TOP OF THE 2ND |
Huntington Hermit Crabs batting - Pitching for Lake Erie Arryns : LHP Bobby Williams
|
Batting: SHB Yuki Nakahara
|
0-0: Ball 1-0: Ground out 6-3 (Groundball, 56D, EV 88.1 MPH)
|
Batting: LHB I-gap Ch'a
|
0-0: Called Strike 0-1: Ball 1-1: Foul Ball, location: 2F 1-2: Strikes out swinging
|
Batting: RHB Diego Altagracia
|
0-0: Ball 1-0: Ball 2-0: Foul Ball, location: 2F 2-1: Ground out 3-1 (Groundball, 34S, EV 87.5 MPH)
|
Top of the 2nd over - 0 runs, 0 hits, 0 errors, 0 left on base; Huntington 0 - Lake Erie 1 |
BOTTOM OF THE 2ND |
Lake Erie Arryns batting - Pitching for Huntington Hermit Crabs : RHP Mannus Melman
|
Batting: LHB Harry Stewart
|
0-0: Called Strike 0-1: Ball 1-1: Called Strike 1-2: Ground out 6-3 (Groundball, 6MD, EV 103.1 MPH)
|
Batting: RHB Armando Soto
|
0-0: Ball 1-0: Ball 2-0: Swinging Strike 2-1: Foul Ball, location: 2F 2-2: Strikes out swinging
|
Batting: RHB Kevin Mason
|
0-0: Foul Ball, location: 2F 0-1: Ball 1-1: Ground out 5-3 (Groundball, 5, EV 86.2 MPH)
|
Bottom of the 2nd over - 0 runs, 0 hits, 0 errors, 0 left on base; Huntington 0 - Lake Erie 1 |
TOP OF THE 3RD |
Huntington Hermit Crabs batting - Pitching for Lake Erie Arryns : LHP Bobby Williams
|
Batting: RHB Kinnosuke Ozaki
|
0-0: Swinging Strike 0-1: Ball 1-1: Ball 2-1: Called Strike 2-2: Strikes out swinging
|
Batting: LHB Santiago Montoya
|
0-0: Foul Ball, location: 2F 0-1: Fly out, F7 (Flyball, 78S, EV 88.1 MPH)
|
Batting: RHB Cody Ellis
|
0-0: Ball 1-0: Ball 2-0: Swinging Strike 2-1: Swinging Strike 2-2: Strikes out swinging
|
Top of the 3rd over - 0 runs, 0 hits, 0 errors, 0 left on base; Huntington 0 - Lake Erie 1 |
BOTTOM OF THE 3RD |
Lake Erie Arryns batting - Pitching for Huntington Hermit Crabs : RHP Mannus Melman
|
Batting: LHB Paul Brown
|
0-0: Ball 1-0: Ball 2-0: Fly out, F8 (Flyball, 8RM, EV 90.0 MPH)
|
Batting: SHB Luis Flores
|
0-0: TRIPLE (Line Drive, 7D, EV 100.0 MPH)
|
Batting: LHB Bill Strong
|
0-0: Ball 1-0: Swinging Strike 1-1: Foul Ball, location: 2F 1-2: Strikes out looking
|
Batting: RHB Nelson Fernández
|
0-0: Fly out, F3 (Popup, 3F, EV 75.0 MPH)
|
Bottom of the 3rd over - 0 runs, 1 hit, 0 errors, 1 left on base; Huntington 0 - Lake Erie 1 |
TOP OF THE 4TH |
Huntington Hermit Crabs batting - Pitching for Lake Erie Arryns : LHP Bobby Williams
|
Batting: RHB Zach Stokes
|
0-0: Foul Ball, location: 2F 0-1: Called Strike 0-2: Ball 1-2: Strikes out swinging
|
Batting: RHB Mike Baxter
|
0-0: Ground out 4-3 (Groundball, 4, EV 82.5 MPH)
|
Batting: LHB Iván Marrero
|
0-0: Foul Ball, location: 2F 0-1: Ball 1-1: Ball 2-1: Ground out U3 (Groundball, 13, EV 86.2 MPH)
|
Top of the 4th over - 0 runs, 0 hits, 0 errors, 0 left on base; Huntington 0 - Lake Erie 1 |
BOTTOM OF THE 4TH |
Lake Erie Arryns batting - Pitching for Huntington Hermit Crabs : RHP Mannus Melman
|
Batting: LHB Jamie Hunter
|
0-0: Called Strike 0-1: Ball 1-1: Ball 2-1: Ball 3-1: Foul Ball, location: 2F 3-2: Foul Ball, location: 2F 3-2: Foul Ball, location: 2F 3-2: Base on Balls
|
Batting: SHB Ray Colbert
|
0-0: Ball 1-0: Fielders Choice at 2nd, 5-4 (Groundball, 56, EV 105.6 MPH)
|
Batting: LHB Harry Stewart
|
0-0: Swinging Strike 0-1: Ball 1-1: Ball 2-1: Ball 3-1: Base on Balls Ray Colbert to second
|
Batting: RHB Armando Soto
|
0-0: Ball 1-0: Ball 2-0: Ball 3-0: Called Strike 3-1: Base on Balls Ray Colbert to third Harry Stewart to second
|
Batting: RHB Kevin Mason
|
0-0: Ground out 5-3 (Groundball, 56, EV 107.5 MPH) Ray Colbert scores Harry Stewart to third Armando Soto to second
|
Batting: LHB Paul Brown
|
0-0: Ball 1-0: Swinging Strike 1-1: Ball 2-1: Swinging Strike 2-2: Foul Ball, location: 2F 2-2: Foul Ball, location: 2F 2-2: Ball 3-2: Base on Balls
|
Batting: SHB Luis Flores
|
0-0: Called Strike 0-1: Foul Ball, location: 2F 0-2: Strikes out swinging
|
Bottom of the 4th over - 1 run, 0 hits, 0 errors, 3 left on base; Huntington 0 - Lake Erie 2 |
TOP OF THE 5TH |
Huntington Hermit Crabs batting - Pitching for Lake Erie Arryns : LHP Bobby Williams
|
Batting: SHB Yuki Nakahara
|
0-0: Ball 1-0: Ball 2-0: Foul Ball, location: 2F 2-1: Fly out, F8 (Flyball, 8RD, EV 104.4 MPH)
|
Batting: LHB I-gap Ch'a
|
0-0: Fly out, F4 (Line Drive, 4, EV 68.1 MPH)
|
Batting: RHB Diego Altagracia
|
0-0: Hit by Pitch
|
Batting: RHB Kinnosuke Ozaki
|
0-0: Called Strike 0-1: Ball 1-1: Swinging Strike 1-2: Strikes out swinging
|
Top of the 5th over - 0 runs, 0 hits, 0 errors, 1 left on base; Huntington 0 - Lake Erie 2 |
BOTTOM OF THE 5TH |
Lake Erie Arryns batting - Pitching for Huntington Hermit Crabs : RHP Mannus Melman
|
Batting: LHB Bill Strong
|
0-0: Ground out 6-3 (Groundball, 6, EV 106.2 MPH)
|
Batting: RHB Nelson Fernández
|
0-0: Ball 1-0: Ball 2-0: Called Strike 2-1: Ball 3-1: Called Strike 3-2: Foul Ball, location: 2F 3-2: Strikes out looking
|
Batting: LHB Jamie Hunter
|
0-0: Ball 1-0: Ball 2-0: Ball 3-0: Called Strike 3-1: Called Strike 3-2: Base on Balls
|
Batting: SHB Ray Colbert
|
0-0: Ball 1-0: Ball 2-0: Foul Ball, location: 2F 2-1: Fly out, F8 (Flyball, 78M, EV 93.8 MPH)
|
Bottom of the 5th over - 0 runs, 0 hits, 0 errors, 1 left on base; Huntington 0 - Lake Erie 2 |
TOP OF THE 6TH |
Huntington Hermit Crabs batting - Pitching for Lake Erie Arryns : LHP Bobby Williams
|
Batting: LHB Santiago Montoya
|
0-0: Ball 1-0: Ball 2-0: Ball 3-0: Called Strike 3-1: Base on Balls
|
Batting: RHB Cody Ellis
|
0-0: Called Strike 0-1: Foul Ball, location: 2F 0-2: SINGLE (Groundball, 34D, EV 103.1 MPH) Santiago Montoya to second Runner from 2nd tries for 3rd, SAFE, no throw by RF
|
Batting: RHB Zach Stokes
|
0-0: Called Strike 0-1: DOUBLE (Groundball, 5L, EV 103.8 MPH) Santiago Montoya scores Cody Ellis to third Runner from 3rd tries for Home, SAFE, no throw by LF
|
Batting: RHB Mike Baxter
|
0-0: Ball 1-0: Ball 2-0: Foul Ball, location: 2F 2-1: Ball 3-1: Base on Balls
|
Batting: LHB Iván Marrero
|
0-0: Ball 1-0: Foul Ball, location: 2F 1-1: Foul Ball, location: 2F 1-2: Ball 2-2: Strikes out swinging
|
Batting: SHB Yuki Nakahara
|
0-0: Ball Zach Stokes is caught stealing 3rd base 2-5 1-0: DOUBLE (Flyball, 7LM, EV 96.9 MPH) Mike Baxter to third Runner from 3rd tries for Home, SAFE, throw by LF to home
|
Batting: LHB I-gap Ch'a
|
0-0: Ball 1-0: Called Strike 1-1: Fly out, F4 (Popup, 34S, EV 87.5 MPH)
|
Top of the 6th over - 3 runs, 3 hits, 0 errors, 1 left on base; Huntington 3 - Lake Erie 2 |
BOTTOM OF THE 6TH |
Lake Erie Arryns batting - Pitching for Huntington Hermit Crabs : RHP Mannus Melman
|
Batting: LHB Harry Stewart
|
0-0: Called Strike 0-1: Ball 1-1: Swinging Strike 1-2: Fly out, F9 (Flyball, 89M, EV 92.5 MPH)
|
Pitching: LHP Jorge García
|
|
Batting: RHB Armando Soto
|
0-0: Called Strike 0-1: Swinging Strike 0-2: Strikes out swinging
|
Batting: RHB Kevin Mason
|
0-0: Called Strike 0-1: Ball 1-1: Foul Ball, location: 2F 1-2: Ball 2-2: Strikes out swinging
|
Bottom of the 6th over - 0 runs, 0 hits, 0 errors, 0 left on base; Huntington 3 - Lake Erie 2 |
TOP OF THE 7TH |
Huntington Hermit Crabs batting - Pitching for Lake Erie Arryns : LHP Bobby Williams
|
Batting: RHB Diego Altagracia
|
0-0: Ball 1-0: Ball 2-0: Called Strike 2-1: Fly out, F7 (Flyball, 7LS, EV 86.9 MPH)
|
Batting: RHB Kinnosuke Ozaki
|
0-0: Ball 1-0: Foul Ball, location: 2F 1-1: Foul Ball, location: 2F 1-2: Strikes out swinging
|
Batting: LHB Santiago Montoya
|
0-0: Called Strike 0-1: Ball 1-1: Ball 2-1: Foul Ball, location: 2F 2-2: Ball 3-2: SINGLE (Groundball, 6MD, EV 99.4 MPH)
|
Batting: RHB Cody Ellis
|
0-0: Ball 1-0: Fielders Choice at 2nd, 5-4 (Groundball, 56, EV 90.6 MPH)
|
Top of the 7th over - 0 runs, 1 hit, 0 errors, 1 left on base; Huntington 3 - Lake Erie 2 |
BOTTOM OF THE 7TH |
Lake Erie Arryns batting - Pitching for Huntington Hermit Crabs : LHP Jorge García
|
Batting: LHB Paul Brown
|
0-0: Called Strike 0-1: Swinging Strike 0-2: Hit by Pitch
|
Batting: SHB Luis Flores
|
0-0: Called Strike Paul Brown steals 2nd base 0-1: Swinging Strike 0-2: Ball 1-2: Ball Wild Pitch! Paul Brown to third 2-2: Strikes out swinging
|
Batting: LHB Bill Strong
|
0-0: Called Strike 0-1: Fly out, F6 (Popup, 6D, EV 63.1 MPH)
|
Batting: RHB Nelson Fernández
|
0-0: Ball 1-0: Ball 2-0: Fly out, F3 (Popup, 3F, EV 75.6 MPH)
|
Bottom of the 7th over - 0 runs, 0 hits, 0 errors, 1 left on base; Huntington 3 - Lake Erie 2 |
TOP OF THE 8TH |
Huntington Hermit Crabs batting - Pitching for Lake Erie Arryns : LHP Bobby Williams
|
Batting: RHB Zach Stokes
|
0-0: Ball 1-0: Called Strike 1-1: Swinging Strike 1-2: Strikes out swinging
|
Batting: RHB Mike Baxter
|
0-0: Called Strike 0-1: Swinging Strike 0-2: Foul Ball, location: 2F 0-2: Foul Ball, location: 2F 0-2: Ball 1-2: SOLO HOME RUN (Flyball, 7D, EV 105.0 MPH), Distance : 400 ft
|
Pitching: RHP Peer Bartels
|
|
Batting: LHB Iván Marrero
|
0-0: Foul Ball, location: 2F 0-1: SOLO HOME RUN (Flyball, 9D, EV 97.5 MPH), Distance : 392 ft
|
Batting: SHB Yuki Nakahara
|
0-0: SINGLE (Groundball, 34D, EV 111.9 MPH)
|
Batting: LHB I-gap Ch'a
|
0-0: Ball 1-0: Called Strike 1-1: Ball 2-1: Called Strike 2-2: Strikes out looking
|
Batting: RHB Diego Altagracia
|
0-0: Ball 1-0: Called Strike 1-1: Swinging Strike 1-2: Ball 2-2: Ball 3-2: Strikes out swinging
|
Top of the 8th over - 2 runs, 3 hits, 0 errors, 1 left on base; Huntington 5 - Lake Erie 2 |
BOTTOM OF THE 8TH |
Lake Erie Arryns batting - Pitching for Huntington Hermit Crabs : LHP Jorge García
|
Batting: LHB Jamie Hunter
|
0-0: Called Strike 0-1: Ground out U3 (Groundball, 3, EV 105.0 MPH)
|
Batting: SHB Ray Colbert
|
0-0: Called Strike 0-1: Swinging Strike 0-2: Ball 1-2: Strikes out swinging
|
Batting: LHB Harry Stewart
|
0-0: Ball 1-0: Foul Ball, location: 2F 1-1: Ball 2-1: SINGLE (Line Drive, 3D, EV 95.6 MPH)
|
Pitching: RHP John Owens
|
|
Batting: RHB Armando Soto
|
0-0: Foul Ball, location: 2F 0-1: Swinging Strike 0-2: Ball 1-2: Strikes out swinging
|
Bottom of the 8th over - 0 runs, 1 hit, 0 errors, 1 left on base; Huntington 5 - Lake Erie 2 |
TOP OF THE 9TH |
Huntington Hermit Crabs batting - Pitching for Lake Erie Arryns : RHP Peer Bartels
|
Batting: RHB Kinnosuke Ozaki
|
0-0: Called Strike 0-1: Ball 1-1: Ball 2-1: Swinging Strike 2-2: Strikes out swinging
|
Batting: LHB Santiago Montoya
|
0-0: Called Strike 0-1: Foul Ball, location: 2F 0-2: Foul Ball, location: 2F 0-2: Ball 1-2: Strikes out looking
|
Batting: RHB Cody Ellis
|
0-0: Ground out 4-3 (Groundball, 4, EV 84.4 MPH)
|
Top of the 9th over - 0 runs, 0 hits, 0 errors, 0 left on base; Huntington 5 - Lake Erie 2 |
BOTTOM OF THE 9TH |
Lake Erie Arryns batting - Pitching for Huntington Hermit Crabs : RHP John Owens
|
Batting: RHB Kevin Mason
|
0-0: Ground out U3 (Groundball, 34S, EV 80.6 MPH)
|
Batting: LHB Paul Brown
|
0-0: Called Strike 0-1: Ball 1-1: Called Strike 1-2: Foul Ball, location: 2F 1-2: Ball 2-2: Fly out, F9 (Line Drive, 9, EV 100.0 MPH)
|
Batting: SHB Luis Flores
|
0-0: Called Strike 0-1: Ball 1-1: Fly out, F9 (Flyball, 9, EV 87.5 MPH)
|
Bottom of the 9th over - 0 runs, 0 hits, 0 errors, 0 left on base; Huntington 5 - Lake Erie 2 |
|